 Dungeon Crawl Stone Soup version 0.30-a0-634-g8abc85282e (webtiles) character file.

Game seed: 11090119566669647104

8500 wormed the Transmogrifier (level 11, -4/88 HPs)
             Began as an Octopode Transmuter on Jan 15, 2023.
             Was an Initiate of Gozag.
             Slain by a yak (12 damage)
             ... on level 10 of the Dungeon.
             The game lasted 00:16:21 (11170 turns).

wormed the Transmogrifier (Octopode Transmuter)    Turns: 11170, Time: 00:16:22

Health: -4/88      AC:  9    Str:  9    XL:     11   Next: 31%
Magic:  16/20      EV: 12    Int: 20    God:    Gozag
Gold:   562        SH:  0    Dex: 13    Spells: 16/23 levels left

rFire   x . .      SeeInvis .      - Unarmed
rCold   + + +      Faith    .    (shield currently unavailable)
rNeg    + . .      Spirit   .    (helmet currently unavailable)
rPois   +          Reflect  .    o - amulet of regeneration
rElec   .          Harm     .    c - ring of wizardry
rCorr   .          Rampage  .    f - ring of positive energy
Will    +....                    r - ring of willpower
Stlth   +                        (no ring)
HPRegen 1.14/turn                (no ring)
MPRegen 0.17/turn                (no ring)
                                 (no ring)
                                 (no ring)

@: about to teleport, ice-form
A: freezing attack, boosted hp, almost no armour, amphibious, 8 rings, large,
(camouflage 1), (gelatinous body 1), (nimble swimmer 1), (tentacles)
a: End Transformation, Renounce Religion, Potion Petition, Call Merchant, Bribe
Branch


You were on level 10 of the Dungeon.
You worshipped Gozag.
Gozag was pleased with you.
You were a creature of crystalline ice.
You visited 2 branches of the dungeon, and saw 12 of its levels.
You also visited: Sewer and Bailey.

You collected 1232 gold pieces.
You paid 670 gold pieces to Gozag.

Inventory:

Jewellery
 c - a ring of wizardry (left front paw)
 f - a ring of positive energy (right front paw)
 o - an amulet of regeneration (around neck)
 r - a ring of willpower (on tentacle)
 v - a ring of positive energy
Wands
 h - a wand of paralysis (4) (quivered)
 i - a wand of flame (11)
 p - a wand of mindburst (38)
 s - a wand of polymorph (5)
 w - a wand of iceblast (12)
Scrolls
 b - a scroll of blinking
 e - 2 scrolls of enchant weapon
 j - 2 scrolls of enchant armour
 l - 4 scrolls of vulnerability
 m - 5 scrolls of teleportation
 t - 4 scrolls of fear
 x - a scroll of identify
Potions
 a - 2 potions of flight
 d - a potion of might
 g - 2 potions of cancellation
 k - 3 potions of brilliance
 n - 3 potions of resistance
 q - a potion of attraction
 u - a potion of degeneration {unknown}


   Skills:
 + Level 6.8 Fighting
 + Level 7.2 Dodging
 + Level 7.5 Unarmed Combat
 + Level 6.5 Spellcasting
 * Level 10.0 Transmutations
 - Level 4.0 Ice Magic


You had 16 spell levels left.
You knew the following spells:

 Your Spells              Type           Power      Damage    Failure   Level
a - Ice Form              Ice/Tmut       34%        N/A       2%          4
b - Wereblood             Tmut           46%        N/A       1%          2
z - Beastly Appendage     Tmut           92%        N/A       1%          1

Your spell library contained the following spells:

 Spells                   Type           Power      Damage    Failure   Level
 Passwall                 Tmut/Erth      21%        N/A       1%          2
 Spider Form              Tmut/Pois      26%        N/A       1%          3
 Ensorcelled Hibernation  Hex/Ice        28%        N/A       2%          2
 Ozocubu's Armour         Ice            22%        N/A       2%          3
 Magic Dart               Conj           24%        1d4       4%          1
 Call Imp                 Summ           6%         N/A       6%          2
 Dazzling Flash           Conj/Hex       12%        N/A       12%         3
 Mephitic Cloud           Conj/Pois/Air  6%         N/A       12%         3
 Swiftness                Air            6%         N/A       12%         3
 Tukima's Dance           Hex            6%         N/A       12%         3
 Vhi's Electric Charge    Tloc/Air       12%        N/A       12%         3
 Yara's Violent Unravell  Hex/Tmut       13%        3d7       14%         5
 Passage of Golubria      Tloc           6%         N/A       36%         4
 Metabolic Englaciation   Hex/Ice        7%         N/A       43%         5
 Agony                    Necr           6%         N/A       69%         5
 Arcjolt                  Conj/Air       3%         1d13      69%         5
 Silence                  Hex/Air        3%         N/A       69%         5
 Haunt                    Necr/Summ      3%         N/A       100%        7
 Infestation              Necr           3%         N/A       100%        8
 Maxwell's Capacitive Co  Air            3%         ∞         100%        8
 Animate Dead             Necr           Unusable   N/A       N/A         4
 Simulacrum               Ice/Necr       Unusable   N/A       N/A         6

Dungeon Overview and Level Annotations

Branches:
Dungeon (11/15)            Temple (1/1) D:6             Orc (0/2) D:9
  Sewer (visited)          Bailey (visited)
   Lair: D:8-11

Altars:
Ashenzari
Cheibriados
Dithmenos
Elyvilon
Fedhas
Gozag
Hepliaklqana
Kikubaaqudgha
Makhleb
Nemelex Xobeh
Okawaru
Qazlal
Ru
Sif Muna
Trog
Uskayaw
Vehumet
Wu Jian
Xom
Yredelemnul
Zin
The Shining One

Shops:
D:6 :   D:8 :   D:9 (


Innate Abilities, Weirdness & Mutations

You are a creature of crystalline ice.
You have a powerful freezing melee attack.
Your maximum health is increased.
Your armour is entirely melded.
You are incapable of wielding weapons or throwing items.
You cannot wear most types of armour.
You are amphibious.
You can wear up to eight rings at the same time.
((Your skin changes colour to match your surroundings (Stealth+).))
((Your rubbery body absorbs attacks. (AC +1, EV +1)))
((You are camouflaged when in or above water. (Stealth+)))
((You have tentacles for arms and can constrict up to eight enemies at once.))


Message History

You see here 16 gold pieces.
Found 4 gold pieces.
Your primal bloodlust is almost over.
Found 14 gold pieces.
Your primal bloodlust has ended.
Your transformation is almost over.
The death yak snorts and paws the ground.
Found a scroll of magic mapping.
Found 12 gold pieces. 3 yaks come into view.
The death yak bellows!
The yak bellows!
You hear a bellow! x2
A yak comes into view. x2
The yak bellows! 3 yaks come into view.
The yak bellows! x5
A death yak comes into view.
The yak moves out of view.
You warm up again.
The yak snorts and paws the ground.
The death yak gores you!!
Casting: Wereblood (safe; 1% risk of failure)
Confirm with . or Enter, or press ? or * to list all spells.
You turn into a creature of crystalline ice.
The death yak closely misses you. The death yak gores you!!
The yak attacks as you move away! The yak gores you.
The death yak attacks as you move away! The death yak misses you.
The death yak attacks as you move away! The death yak closely misses you.
The yak closely misses you. The yak attacks as you move away!
The yak gores you. The death yak barely misses you. The yak gores you.
As you read the scroll of teleportation, it crumbles to dust.
You feel strangely unstable. The death yak gores you!!
* * * LOW HITPOINT WARNING * * *
The yak gores you.
* * * LOW HITPOINT WARNING * * *
The yak gores you.
* * * LOW HITPOINT WARNING * * *
The yak attacks as you move away! The yak gores you!
You die...
Your body crumbles into a pile of gold.

##.....#.?###
#.....##.....
##########......# #
###..##...#......###...
##....#...........YYY...
..............YY#.......
.........#.....Y###.....
........##....YYYY..#..
..###....#......Y...# .
..#....#$...............
###....##......#....#...
#.#............#....# .#
............####...... .
...#......#.#..........
..##...##.# ............
...##.....# #...........
..##......# #..Y......


You could see 2 death yaks and 5 yaks.

Vanquished Creatures
  A two-headed ogre (Bailey)
  A death knight (D:9)
  Pikel (D:7)
  2 trolls (D:10)
  A spriggan (Bailey)
  9 yaks
  2 wraiths (D:5)
  2 steam dragons
  A water moccasin (Sewer)
  Duvessa (D:5)
  An ice beast (D:5)
  4 orc warriors
  2 black bears
  7 ogres
  4 centaurs
  2 lemures (D:7)
  3 phantoms
  A kobold brigand (D:7)
  A bullfrog (D:6)
  A necrophage (D:6)
  3 scorpions
  4 wights
  Dowan (D:5)
  13 killer bees
  5 howler monkeys
  4 hounds
  2 jellies
  6 orc priests
  Crazy Yiuf (D:7)
  An iguana (D:6)
  14 orc wizards
  7 adders
  A shadow imp (D:6)
  3 white imps
  4 ufetubi
  4 worms
  A dart slug (D:2)
  46 orcs
  10 ball pythons
  5 endoplasms
  3 giant cockroaches
  9 hobgoblins
  5 quokkas
  3 bats
  2 frilled lizards (D:1)
  6 goblins
  13 kobolds
  3 rats
226 creatures vanquished.

Vanquished Creatures (others)
  An ogre (D:6)
1 creature vanquished.

Grand Total: 227 creatures vanquished

Notes
Turn   | Place    | Note
-------+----------+-------------------------------------------
     0 | D:1      | wormed the Octopode Transmuter began the quest for the Orb.
     0 | D:1      | Reached XP level 1. HP: 13/13 MP: 3/3
   403 | D:1      | Reached XP level 2. HP: 18/18 MP: 3/5
   996 | D:1      | Learned a level 2 spell: Wereblood
  1074 | D:2      | Found a burning altar of Makhleb.
  1277 | D:2      | Reached XP level 3. HP: 23/23 MP: 2/6
  1664 | D:2      | Identified the +6 dagger of Plunder {holy, MP+9}
  1938 | D:3      | Found the +4 robe of Augmentation {Str+4 Int+4 Dex+4}
  2009 | D:3      | Found a glowing drain.
  2036 | D:3      | Reached skill level 1 in Ice Magic
  2141 | Sewer    | Entered a sewer
  2192 | Sewer    | Noticed a water moccasin
  2212 | Sewer    | Killed a water moccasin
  2213 | Sewer    | Reached skill level 3 in Transmutations
  2213 | Sewer    | Reached XP level 4. HP: 21/29 MP: 4/7
  2213 | Sewer    | Reached XP level 5. HP: 25/34 MP: 4/8
  2300 | Sewer    | Learned a level 4 spell: Ice Form
  3438 | D:4      | Reached XP level 6. HP: 39/39 MP: 5/10
  4347 | D:4      | Reached skill level 4 in Transmutations
  5087 | D:5      | Entered Level 5 of the Dungeon
  5087 | D:5      | Noticed Duvessa
  5087 | D:5      | Noticed Dowan
  5140 | D:5      | Noticed a wraith
  5154 | D:6      | Reached XP level 7. HP: 31/44 MP: 5/11
  5259 | D:6      | Found a hide-covered altar of Uskayaw.
  5335 | D:6      | Found a staircase to the Ecumenical Temple.
  5341 | Temple   | Entered the Ecumenical Temple
  5475 | D:6      | Noticed a troll
  5543 | D:6      | HP: 2/67 [ogre/+0 giant club (15)]
  5848 | D:6      | Reached skill level 5 in Transmutations
  5848 | D:6      | Reached XP level 8. HP: 52/52 MP: 6/13
  6031 | D:6      | Found Ikuxaer's Book Boutique.
  6514 | D:5      | Killed a wraith
  6617 | D:5      | Noticed a wraith
  6631 | D:5      | Killed a wraith
  6747 | D:5      | Reached skill level 5 in Unarmed Combat
  6747 | D:5      | Reached skill level 6 in Transmutations
  6842 | D:5      | Identified the +11 sling "Hysin" {elec, Fly rF+ Stlth+}
  6851 | D:5      | Killed Duvessa
  6852 | D:5      | Reached XP level 9. HP: 51/58 MP: 10/15
  6855 | D:5      | Killed Dowan
  7712 | D:7      | Reached skill level 5 in Dodging
  7736 | D:7      | Reached skill level 7 in Transmutations
  7904 | D:7      | Noticed Pikel
  7928 | D:7      | Killed Pikel
  7929 | D:7      | Reached skill level 5 in Fighting
  7929 | D:7      | Reached skill level 5 in Spellcasting
  8158 | D:7      | Found a runed translucent door.
  8159 | D:7      | Noticed Crazy Yiuf
  8334 | D:7      | Killed Crazy Yiuf
  8628 | D:8      | Reached XP level 10. HP: 66/66 MP: 9/17
  8640 | D:8      | Found a bloodstained altar of Trog.
  8640 | D:8      | Found an ancient bone altar of Kikubaaqudgha.
  8640 | D:8      | Found a glowing silver altar of Zin.
  8640 | D:8      | Found a hazy altar of Hepliaklqana.
  8646 | D:8      | Reached skill level 8 in Transmutations
  8653 | D:8      | Found a shadowy altar of Dithmenos.
  8653 | D:8      | Found an opulent altar of Gozag.
  8662 | D:8      | Became a worshipper of Gozag Ym Sagoz the Greedy
  9601 | D:9      | Found a staircase to the Orcish Mines.
  9664 | D:9      | Found a flagged portal.
  9690 | Bailey   | Entered a bailey
  9930 | Bailey   | Noticed a two-headed ogre
  9937 | Bailey   | Killed a two-headed ogre
  9938 | Bailey   | Reached skill level 9 in Transmutations
 10265 | D:9      | Found Beim's Weapon Shop.
 10304 | D:9      | Noticed a death knight
 10318 | D:9      | Reached XP level 11. HP: 73/73 MP: 16/20
 10581 | D:9      | Killed a death knight
 10945 | D:10     | Entered Level 10 of the Dungeon
 11081 | D:10     | You fall into a shaft and drop 1 floor!
 11082 | D:11     | Noticed a two-headed ogre
 11097 | D:11     | Noticed a white ugly thing
 11117 | D:10     | Reached skill level 10 in Transmutations
 11117 | D:10     | Noticed a death yak
 11119 | D:10     | Noticed a death yak
 11162 | D:10     | Noticed a death yak
 11170 | D:10     | Slain by a yak

Illustrated notes

Levels and vault maps discovered:
D:1:      dpeg_arrival_tiny_f, layout_basic, minmay_misc_feat_encased,
          minmay_misc_feat_alley
D:2:      layout_basic, basic_altar
D:3:      layout_loops_cross, cheibrodos_sewer_entry_sluice
D:4:      layout_gridville, minmay_starry_boxes
D:5:      cheibrodos_fzero, layout_rooms, minmay_tree_intersection,
          kennysheep_path_1, uniq_duvessa
D:6:      layout_basic, old_standard_altar, minmay_temple_entry_wispy,
          serial_shops, nicolae_shop_advertising_works
          [nicolae_subvault_shop_adworks]
D:7:      layout_basic, uniq_crazy_yiuf_cottage, uniq_pikel
D:8:      layout_basic, minmay_overflow_temple_hex
D:9:      layout_roguey, david_orc_3, enter_bailey_2, serial_glass,
          glass_columns_b, glass_columns_c, serial_shops,
          nicolae_take_the_stairs
D:10:     layout_cave_pools, dpeg_lair_monsters
D:11:     layout_basic, nicolae_ru_the_path_less_chosen
Temple:   hellmonk_temple_two_chambers

Skill      XL: |  1  2  3  4  5  6  7  8  9 10 11 |
---------------+----------------------------------+-----
Ice Magic      | 1 2 3 4 |  4.0
Transmutations | 3 4 5 6 7 9 10 | 10.0
Fighting       | 2 3 4 5 6 |  6.8
Dodging        | 3 4 5 6 7 |  7.2
Spellcasting   | 3 4 5 6 |  6.5
Unarmed Combat | 4 5 6 7 |  7.5

Action                   |  1- 3 |  4- 6 |  7- 9 | 10-12 || total
-------------------------+-------+-------+-------+-------++-------
Melee: Unarmed           |    72 |   122 |   229 |   262 ||   685
       Kick              |    15 |       |       |       ||    15
       Constrict         |    14 |     2 |     1 |     1 ||    18
       Tentacles         |    14 |     1 |     2 |       ||    17
       Punch             |     2 |       |     1 |       ||     3
 Cast: Beastly Appendage |    22 |     1 |     2 |       ||    25
       Wereblood         |    12 |    15 |    25 |    19 ||    71
       Ice Form          |       |    27 |    27 |    23 ||    77
Invok: Call Merchant     |       |       |       |     1 ||     1
Evoke: Wand              |       |       |       |     5 ||     5
  Use: Scroll            |     7 |     6 |     5 |     4 ||    22
       Potion            |     2 |       |     4 |     4 ||    10
 Stab: Sleeping          |     5 |       |       |       ||     5
       Distracted        |       |       |       |     1 ||     1
       Invisible         |       |       |       |     1 ||     1
Armor: Skin              |     6 |    46 |    92 |    63 ||   207
Dodge: Dodged            |    29 |    64 |   148 |   138 ||   379

Table legend: (Time is in decaauts)
 A = Elapsed time spent in this place.
 B = Non-inter-level travel time spent in this place.
 C = Inter-level travel time spent in this place.
 D = Time resting spent in this place.
 E = Time spent auto-exploring this place.
 F = Levels seen in this place.
 G = Mean time per level.
                   A        B        C        D        E       F      G
               +--------+--------+--------+--------+--------+-----+--------+
         Total |  11122 |  10665 |    457 |    110 |   8509 |  14 |  794.4 |
       Dungeon |  10478 |  10021 |    457 |    100 |   8084 |  11 |  952.5 |
        Temple |     45 |     45 |      0 |      0 |     30 |   1 |   45.0 |
         Sewer |    208 |    208 |      0 |      0 |    155 |   1 |  208.0 |
        Bailey |    390 |    390 |      0 |     10 |    240 |   1 |  390.0 |
               +--------+--------+--------+--------+--------+-----+--------+

Top non-repeatable levels by time:
     D:4: 1658 daAuts
     D:6: 1393 daAuts
     D:3: 1298 daAuts
     D:8: 1215 daAuts
     D:5: 1057 daAuts
     D:1: 1046 daAuts
     D:9: 941 daAuts
     D:2: 872 daAuts
     D:7: 809 daAuts
  Bailey: 390 daAuts
   Sewer: 208 daAuts
    D:10: 163 daAuts
  Temple: 45 daAuts
    D:11: 19 daAuts
